 Dungeon Crawl Stone Soup version 0.16.1-2-g95b8d4c (webtiles) character file.

5663 flammableBen the Impaler (level 10, -3/59 (63) HPs)
             Began as a Merfolk Ice Elementalist on Mar 25, 2015.
             Slain by a five-headed hydra (4 damage)
             ... on level 8 of the Dungeon.
             The game lasted 00:48:45 (9800 turns).

flammableBen the Impaler (Merfolk Ice Elementalist) Turns: 9800, Time: 00:48:45

HP:   -3/59 (63)    AC:  9    Str: 10    XL:     10   Next: 75%
MP:   26/33         EV: 17    Int: 16    God:
Gold: 108           SH:  0    Dex: 15    Spells: 3 memorised, 15 levels left

rFire  + . .     SeeInvis .     v - +2 spear (venom)
rCold  . . .     Clarity  .     u - +2 robe {MR+}
rNeg   + . .     SustAb   +     (no shield)
rPois  .         Gourm    .     (no helmet)
rElec  .         Spirit   .     L - +0 cloak
rCorr  .         Warding  .     z - +1 pair of gloves of the Valley {-Tele rF+ rN+ Stlth+}
rMut   .         NoTele   +     a - +1 pair of boots
MR     ++...                    p - amulet of regeneration
Stlth  +++.......               q - ring of sustain abilities
                                h - ring of magical power

@: very resistant to hostile enchantments, fairly stealthy
A: change form in water, swift swim, magic resistance 1, screaming 1, no device
heal 1, forlorn
a: no special abilities


You were on level 8 of the Dungeon.
You were not hungry.

You visited 3 branches of the dungeon, and saw 11 of its levels.

You collected 379 gold pieces.
You spent 271 gold pieces at shops.

Inventory:

Hand weapons
 e - a +2 dagger of holy wrath
 v - a +2 spear of venom (weapon)
Armour
 a - a +1 pair of boots (worn)
 n - a +2 leather armour of cold resistance
 u - a +2 robe of magic resistance (worn)
 z - the +1 pair of gloves of the Valley (worn) {-Tele rF+ rN+ Stlth+}
   (You bought it in a shop on level 7 of the Dungeon)

   It protects you from fire.
   It protects you from negative energy.
   It prevents most forms of teleportation.
   It makes you more stealthy.
 L - a +0 cloak (worn)
 M - a +1 pair of gloves of dexterity
 N - a +2 leather armour of fire resistance
Jewellery
 h - a ring of magical power (left hand)
 p - an amulet of regeneration (around neck)
 q - a ring of sustain abilities (right hand)
 x - an uncursed ring of flight
Magical devices
 j - a wand of heal wounds (0)
 m - a wand of fire (2)
 w - a wand of lightning (0)
 I - a wand of paralysis (22)
Scrolls
 f - 2 scrolls of remove curse
 k - 2 scrolls of identify
 o - a scroll of teleportation
 y - 3 scrolls of fog
 D - 2 scrolls of enchant armour
 E - a scroll of noise {unknown}
 G - a scroll of recharging
Potions
 g - 3 potions of restore abilities
 i - 3 potions of curing
 r - a potion of degeneration
 t - a potion of berserk rage
 A - 2 potions of cancellation
 B - 5 potions of heal wounds
 C - 2 potions of brilliance
 H - a potion of invisibility
 J - a potion of agility
 P - a potion of lignification
Books
 b - a book of Frost

   Spells                             Type                      Level
   a - Freeze                         Ice                          1
   b - Throw Frost                    Conjuration/Ice              2
   c - Ozocubu's Armour               Charms/Ice                   3
   d - Throw Icicle                   Conjuration/Ice              4
   e - Summon Ice Beast               Ice/Summoning                4
   f - Condensation Shield            Ice                          4
 d - a book of Necromancy

   Spells                             Type                      Level
   a - Pain                           Necromancy                   1
   b - Animate Skeleton               Necromancy                   1
   c - Vampiric Draining              Necromancy                   3
   d - Regeneration                   Charms/Necromancy            3
   e - Animate Dead                   Necromancy                   4
   f - Control Undead                 Necromancy                   4
 F - a Grand Grimoire {highlevel, unknown}

   This book is beyond your current level of understanding.

   Spells                             Type                      Level
   a - Aura of Abjuration             Summoning                    6
   b - Summon Greater Demon           Summoning                    7
   c - Malign Gateway                 Summoning/Translocation      7
   d - Summon Horrible Things         Summoning                    8
Comestibles
 c - 5 bread rations
 l - 8 fruits
 s - 4 meat rations
 K - a beef jerky
 O - a chunk of flesh
 Q - a royal jelly


   Skills:
 - Level 16.5 Polearms
 * Level 8.1 Dodging
 - Level 2.1 Stealth
 - Level 6.0 Spellcasting
 - Level 0.7 Conjurations
 - Level 5.4 Ice Magic


You had 15 spell levels left.
You knew the following spells:

 Your Spells              Type           Power        Failure   Level  Hunger
a - Freeze                Ice            ###.         1%          1    None
b - Throw Frost           Conj/Ice       ##....       8%          2    #......
c - Ozocubu's Armour      Chrm/Ice       ##......     14%         3    ##.....


Dungeon Overview and Level Annotations

Branches:
Dungeon (9/15)             Temple (1/1) D:7            Lair (1/8) D:8
    Orc: D:9-12

Altars:
Ashenzari
Dithmenos
Fedhas
Gozag
Makhleb
Nemelex Xobeh
Qazlal
Ru
Trog
Xom
Yredelemnul
Zin
The Shining One

Shops:
D:7 [


Innate Abilities, Weirdness & Mutations

You revert to your normal form in water.
You are very nimble and swift while swimming.
You are resistant to hostile enchantments.
You occasionally shout uncontrollably at your foes.
Potions and wands are less effective at restoring your health.
You have difficulty communicating with the divine.


Message History

The five-headed hydra is moderately wounded.
The five-headed hydra completely misses you.
The five-headed hydra closely misses you.
The five-headed hydra bites you! x3
* * * LOW HITPOINT WARNING * * *
Unknown command.
Remove which piece of jewellery? (? for menu, Esc to quit)
Okay, then.
Take off which item? (? for menu, Esc to quit)
Some of the chunks of flesh in your inventory have rotted away.
Keep disrobing?
You start removing your armour.
You continue taking off the +1 pair of gloves of the Valley {-Tele rF+ rN+ Stlth+}.
The five-headed hydra closely misses you.
The five-headed hydra bites you.
* * * LOW HITPOINT WARNING * * *
The five-headed hydra bites you!
* * * LOW HITPOINT WARNING * * *
The five-headed hydra bites you.
You die...

# ##### ###### ###
#.#.# #....# #.##
##..#######.#
.#.####..##.##...###
.....#.....#...##'.##
.............#.###..#
##............## #.##
#.#...#....##..#####
###.##....#.##.D@#
####.########### ###
### #.#


You could see a five-headed hydra.

Vanquished Creatures
  A hill giant (D:8)
  Pikel (D:5)
  Maurice (D:8)
  A komodo dragon (D:8)
  Grinder (D:5)
  The ghost of DenYes the Covered, an average GrFi of Okawaru (D:4)
  Eustachio (D:6)
  A steam dragon (D:8)
  Menkaure (D:5)
  4 orc warriors
  4 ice beasts
  A necrophage (D:7)
  2 ogres
  2 sky beasts
  3 crocodiles (D:8)
  A big kobold (D:6)
  2 giant frogs (D:6)
  2 scorpions
  A water moccasin zombie (D:8)
  A quasit (D:6)
  4 wights (D:6)
  4 killer bees (D:8)
  A gnoll shaman (D:8)
  3 crimson imps
  The ghost of Veiltonx the Sneak, a weakling SpEn (D:3)
  5 hounds
  2 giant frog skeletons
  3 orc priests
  A jelly (D:5)
  8 orc wizards
  Natasha (twice) (D:6)
  8 iguanas
  Ijyb (D:2)
  2 hound skeletons
  2 worker ant zombies
  5 adders
  8 gnolls
  A shadow imp (D:5)
  A river rat (D:6)
  2 giant mites
  3 worms
  An adder zombie (D:6)
  6 giant geckos
  An ooze (D:6)
  19 orcs
  4 ball pythons
  13 bats
  A bat zombie (D:6)
  4 giant cockroaches
  24 goblins
  14 hobgoblins
  3 jackals (D:1)
  A quokka (D:2)
  5 giant newts
  A jackal zombie (D:5)
  17 kobolds
  14 rats
  2 ballistomycetes (D:5)
229 creatures vanquished.

Vanquished Creatures (others)
  A jelly (D:5)
  A shadow imp (D:5)
  2 kobolds (D:5)
  A giant spore (D:5)
5 creatures vanquished.

Grand Total: 234 creatures vanquished

Notes
Turn   | Place    | Note
--------------------------------------------------------------
     0 | D:1      | flammableBen, the Merfolk Ice Elementalist, began the quest for the Orb.
     0 | D:1      | Reached XP level 1. HP: 13/13 MP: 3/3
   323 | D:1      | Reached XP level 2. HP: 19/19 MP: 2/4
   690 | D:1      | Learned a level 2 spell: Throw Frost
   811 | D:2      | Reached XP level 3. HP: 20/24 MP: 6/6
   870 | D:2      | Reached skill level 4 in Ice Magic
  1080 | D:2      | Learned a level 3 spell: Ozocubu's Armour
  1180 | D:2      | Noticed Ijyb
  1209 | D:2      | Killed Ijyb
  1209 | D:2      | Reached XP level 4. HP: 11/30 MP: 8/9
  2330 | D:3      | Noticed Veiltonx's ghost (weakling SpEn)
  2454 | D:3      | Killed Veiltonx's ghost
  2454 | D:3      | Reached XP level 5. HP: 29/35 MP: 12/12
  2996 | D:3      | Reached skill level 5 in Ice Magic
  3033 | D:3      | Reached XP level 6. HP: 41/41 MP: 2/15
  3710 | D:4      | Noticed DenYes' ghost (average GrFi)
  3720 | D:4      | Killed DenYes' ghost
  3720 | D:4      | Reached skill level 6 in Polearms
  3720 | D:4      | Reached XP level 7. HP: 39/46 MP: 14/17
  3889 | D:4      | Reached skill level 7 in Polearms
  4112 | D:4      | Reached skill level 8 in Polearms
  4609 | D:5      | Entered Level 5 of the Dungeon
  4829 | D:5      | Reached skill level 9 in Polearms
  4888 | D:5      | Reached XP level 8. HP: 52/52 MP: 18/18
  4949 | D:5      | Noticed Grinder
  4966 | D:5      | Noticed Pikel
  4987 | D:5      | Killed Pikel
  4987 | D:5      | Reached skill level 12 in Polearms
  5167 | D:5      | Noticed Menkaure
  5169 | D:5      | Killed Menkaure
  5295 | D:5      | Reached skill level 13 in Polearms
  5295 | D:5      | Reached XP level 9. HP: 57/57 MP: 19/19
  5552 | D:5      | Killed Grinder
  5741 | D:6      | Noticed Eustachio
  5765 | D:6      | Noticed Natasha
  5781 | D:6      | Killed Natasha
  5788 | D:6      | Reached skill level 14 in Polearms
  5853 | D:6      | Killed Eustachio
  6483 | D:6      | Reached skill level 15 in Polearms
  6489 | D:6      | Gained mutation: You occasionally shout uncontrollably at your foes. [mutagenic meat]
  6490 | D:6      | Gained mutation: Potions and wands are less effective at restoring your health. [mutagenic meat]
  6648 | D:6      | Noticed Natasha
  6657 | D:6      | Killed Natasha
  6942 | D:6      | Reached skill level 16 in Polearms
  7069 | D:7      | Found Xostea Xian's Antique Armour Boutique.
  7080 | D:7      | Bought a pair of jewelled gloves for 161 gold pieces
  7085 | D:7      | Identified the +1 pair of gloves of the Valley {-Tele rF+ rN+ Stlth+} (You bought it in a shop on level 7 of the Dungeon)
  7547 | D:7      | Found a staircase to the Ecumenical Temple.
  7666 | Temple   | Entered the Ecumenical Temple
  7925 | D:7      | Reached XP level 10. HP: 49/63 MP: 20/20
  8434 | D:8      | Reached skill level 5 in Spellcasting
  8597 | D:8      | Got a polished chain mail
  8608 | D:8      | Identified the +8 chain mail of Cianipuj {rElec rC+} (You found it on level 8 of the Dungeon)
  8623 | D:8      | Noticed a hill giant
  8662 | D:8      | Killed a hill giant
  8952 | D:8      | Reached skill level 5 in Dodging
  9157 | D:8      | Noticed Maurice
  9186 | D:8      | Killed Maurice
  9350 | D:7      | Bought a pair of embroidered gloves for 76 gold pieces
  9350 | D:7      | Bought a runed leather armour for 34 gold pieces
  9563 | D:8      | Gained mutation: You are resistant to hostile enchantments. [mutagenic meat]
  9564 | D:8      | Gained mutation: You have difficulty communicating with the divine. [mutagenic meat]
  9622 | D:8      | Found a staircase to the Lair.
  9791 | Lair:1   | Entered Level 1 of the Lair of Beasts
  9791 | Lair:1   | Noticed a five-headed hydra
  9800 | D:8      | HP: 1/59 [five-headed hydra (9)]
  9800 | D:8      | Slain by a five-headed hydra

Action                   |  1- 3 |  4- 6 |  7- 9 | 10-12 || total
-------------------------+-------+-------+-------+-------++-------
Melee: Dagger            |    58 |    30 |       |       ||    88
       Spear             |       |    21 |   398 |   269 ||   688
 Cast: Freeze            |    33 |    38 |    54 |    16 ||   141
       Throw Frost       |     7 |    52 |    41 |    13 ||   113
       Ozocubu's Armour  |       |       |     1 |       ||     1
Evoke: Wand              |       |       |     7 |       ||     7
  Use: Scroll            |       |       |    16 |     7 ||    23
       Potion            |       |       |     1 |       ||     1
 Stab: Sleeping          |     1 |       |     8 |     4 ||    13
       Distracted        |       |       |     1 |     1 ||     2
  Eat: Chunk             |     2 |    10 |    15 |    11 ||    38
       Royal jelly       |       |       |     1 |       ||     1
       Beef jerky        |       |       |     1 |       ||     1
